 Seeded DCSS version 0.31-a0-496-g6f97920a28 (webtiles) character file.

Game seed: 7415222406553760909 (custom seed)

86 innerfire43 the Changeling (level 4, -2/28 HPs)
             Began as an Octopode Shapeshifter on Aug 8, 2023.
             Slain by a goblin
             ... wielding a +0 dagger
              (4 damage)
             ... on level 2 of the Dungeon.
             The game lasted 00:02:06 (1115 turns).

innerfire43 the Changeling (Octopode Shapeshifter)  Turns: 1115, Time: 00:02:07

Health: -2/28      AC:  1    Str: 16    XL:     4   Next: 49%
Magic:  4/4        EV: 13    Int: 10    God:
Gold:   70         SH:  0    Dex: 12    Spells: 3/3 levels left

rFire   . .          .
                       - Unarmed
rCold   . . .        (no shield)
rNeg    . . .        (helmet currently unavailable)
rPois   .            (no amulet)
rElec   .            (no ring)
rCorr   .            (no ring)
SInv    .            (no ring)
Will    .....        (no ring)
Stlth   ++           (no ring)
HPRegen 0.24/turn    (no ring)
MPRegen 0.09/turn    (no ring)
                     (no ring)

%: no passive effects
@: beast-form
A: beast (slay +3), almost no armour, amphibious, 8 rings, camouflage 1,
gelatinous body 1, (nimble swimmer 1), tentacles
a: Begin Untransformation


You were on level 2 of the Dungeon.
You were a hulking beast.
You visited 1 branch of the dungeon, and saw 3 of its levels.

You collected 70 gold pieces.

Inventory:

Jewellery
 d - a ring of wizardry
 f - a ring of positive energy
Talismans
 b - a beast talisman (active)
 c - a flux talisman
Scrolls
 g - a scroll of teleportation {unknown}
 h - a scroll of poison {unknown}
 i - a scroll of fog {unknown}
Potions
 a - a potion of lignification
 e - a potion of curing


   Skills:
 - Level 1.0 Fighting
 - Level 2.0 Dodging
 - Level 3.0 Unarmed Combat
 + Level 4.6 Shapeshifting


You had 3 spell levels left.
You didn't know any spells.
Your spell library was empty.

Dungeon Overview and Level Annotations

Branches:
Dungeon (3/15)

Altars:

Shops:
D:1 ?


Innate Abilities, Weirdness & Mutations

You are a hulking beast.
Your limbs bulge with bestial killing power. (Slay +3)
You cannot wear most types of armour.
You are amphibious.
You can wear up to eight rings at the same time.
Your skin changes colour to match your surroundings (Stealth+).
Your rubbery body absorbs attacks. (AC +1, EV +1)
((You are camouflaged when in or above water. (Stealth+)))
You have tentacles for arms and can constrict up to eight enemies at once.


Message History

Robin misses you.
There is an open door, spattered with blood here.
Things that are here:
a +0 dagger; a +0 dagger; a goblin corpse You tentacle-slap Robin.
You grab Robin.
Robin is moderately wounded.
You constrict Robin, but do no damage. Robin closely misses you.
You tentacle-slap Robin but do no damage.
Robin is moderately wounded.
You constrict Robin, but do no damage. You tentacle-slap Robin.
Robin is severely wounded.
You constrict Robin. Robin hits you with a +0 trident!
* * * LOW HITPOINT WARNING * * *
You bludgeon Robin!
You kill Robin!
Things that are here:
a +0 trident; a +0 animal skin; a +0 helmet
There is an open door, spattered with blood here.
Things that are here:
a +0 dagger; a +0 dagger; a goblin corpse A goblin comes into view.
It is wielding a +0 dagger.
The goblin hits you with a +0 dagger. The goblin hits you with a +0 dagger.
* * * LOW HITPOINT WARNING * * *
The goblin barely misses you. The goblin hits you with a +0 dagger.
* * * LOW HITPOINT WARNING * * *
The goblin hits you with a +0 dagger.
* * * LOW HITPOINT WARNING * * *
The goblin hits you with a +0 dagger.
* * * LOW HITPOINT WARNING * * *
The goblin hits you with a +0 dagger.
* * * LOW HITPOINT WARNING * * *
The goblin hits you with a +0 dagger.
* * * LOW HITPOINT WARNING * * *
The goblin barely misses you. The goblin misses you.
The goblin hits you with a +0 dagger.
You die...

#................
#.###############
#########.#
........#.#
........#.#
........#.# .
........#.# ..
........#.######....
......)>h..........
.=....))#g........ .
........##.###.#....
..........$.)..g.#
#############$...#
g....# #####
..#.........


gg# .##.#### ..# # You could see a goblin.

Vanquished Creatures
  Robin (D:2)
  2 adders (D:3)
  A worm (D:2)
  2 bats (D:1)
  2 giant cockroaches (D:1)
  15 goblins
  6 hobgoblins
  6 jackals (D:1)
  2 kobolds (D:1)
  3 quokkas
  2 ball pythons (D:1)
  3 frilled lizards
  3 rats
48 creatures vanquished.

Notes
Turn   | Place    | Note
-------+----------+-------------------------------------------
     0 | D:1      | innerfire43 the Octopode Shapeshifter began the quest for
                  | the Orb.
     0 | D:1      | Reached XP level 1. HP: 13/13 MP: 1/1
    91 | D:1      | Reached XP level 2. HP: 9/18 MP: 2/2
   242 | D:1      | Reached XP level 3. HP: 15/23 MP: 3/3
   532 | D:1      | Found Onoqawk's Magic Scroll Emporium.
   646 | D:2      | Reached skill level 4 in Shapeshifting
   865 | D:2      | Noticed Robin
   938 | D:3      | Reached XP level 4. HP: 9/28 MP: 4/4
  1062 | D:2      | Killed Robin
  1112 | D:2      | HP: 1/28 [goblin/+0 dagger (2)]
  1115 | D:2      | Slain by a goblin

Illustrated notes

Levels and vault maps discovered:
D:1:      spicycebolla_green_bress_n_ham_2, layout_rooms, serial_shops, shop,
          minmay_misc_feat_hallway
D:2:      layout_basic, uniq_robin
D:3:      minmay_evil_eye, layout_basic,
          mainiacjoe_overflow_concentric_impassable, lemuel_tele_altar,
          gammafunk_temple_overflow_arena, nemelex_altar_shiori,
          kennysheep_generic_room_6

Skill      XL: |  1  2  3 |
---------------+----------+-----
Shapeshifting  | 4 |  4.6
Fighting       | |  1.0
Dodging        | |  2.0
Unarmed Combat | |  3.0

Action                     |  1- 3 |  4- 6 || total
---------------------------+-------+-------++-------
  Melee: Unarmed           |    76 |    20 ||    96
         Constrict         |    20 |     4 ||    24
         Tentacles         |    11 |       ||    11
         Punch             |     1 |       ||     1
    Use: Potion            |     1 |       ||     1
   Stab: Sleeping          |     3 |     1 ||     4
 Armour: Skin              |     7 |     1 ||     8
  Dodge: Dodged            |    61 |    19 ||    80

Table legend: (Time is in decaauts)
 A = Elapsed time spent in this place.
 B = Non-inter-level travel time spent in this place.
 C = Inter-level travel time spent in this place.
 D = Time resting spent in this place.
 E = Time spent auto-exploring this place.
 F = Levels seen in this place.
 G = Mean time per level.
                   A        B        C        D        E       F      G
               +--------+--------+--------+--------+--------+-----+--------+
         Total |   1110 |   1096 |     14 |      0 |    768 |   3 |  370.0 |
       Dungeon |   1110 |   1096 |     14 |      0 |    768 |   3 |  370.0 |
               +--------+--------+--------+--------+--------+-----+--------+

Top non-repeatable levels by time:
     D:1: 626 daAuts
     D:2: 316 daAuts
     D:3: 167 daAuts
